 Dungeon Crawl Stone Soup version 0.13.0-15-g9204fa6 (webtiles) character file.

191 Antur the Insei (level 3, -7/26 HPs)
             Began as a Merfolk Transmuter on Oct 20, 2013.
             Mangled by Terence
             ... wielding a +0,+0 falchion
              (9 damage)
             ... on Level 2 of the Dungeon.
             The game lasted 00:04:02 (1321 turns).

Antur the Insei (Merfolk Transmuter)                Turns: 1321, Time: 00:04:02

HP  -7/26        AC  2     Str 10      XL: 3   Next: 66%
MP   1/4         EV 14     Int 12      God:
Gold 145         SH  0     Dex 15      Spells:  2 memorised,  2 levels left

Res.Fire  : . . .   See Invis. : .     - Unarmed
Res.Cold  : . . .   Warding    : .   c - +0 robe
Life Prot.: . . .   Conserve   : .   (no shield)
Res.Poison: .       Res.Corr.  : .   (helmet restricted)
Res.Elec. : .       Clarity    : .   (no cloak)
Sust.Abil.: . .     Spirit.Shd : .   (no gloves)
Res.Mut.  : .       Stasis     : .   (no boots)
Res.Rott. : .       Flight     : .   (no amulet)
Saprovore : . . .                    (no ring)
                                     (no ring)

@: appendage (expiring), very slightly contaminated, not resistant to hostile
enchantments, unstealthy
A: change form in water, swift swim, horns 2
a: End Transformation


You were on level 2 of the Dungeon.
You were not hungry.
You had grown temporary horns.
You visited 1 branch of the dungeon, and saw 2 of its levels.

You collected 125 gold pieces.

Inventory:

Missiles
 b - 12 arrows
 g - 18 darts (quivered)
Armour
 c - a +0 robe (worn)
Comestibles
 a - a bread ration
 m - a pear
Scrolls
 e - a scroll of random uselessness {unknown}
 f - 2 scrolls of fear {unknown}
 i - 3 scrolls of identify {unknown}
 j - a scroll of remove curse {unknown}
 k - a scroll of enchant weapon II {unknown}
 l - a scroll of teleportation {unknown}
 o - a scroll of amnesia {unknown}
Potions
 h - 2 potions of curing
 n - a potion of mutation {unknown}
Books
 d - a book of Changes

   Spells                             Type                      Level
   *Beastly Appendage                 Transmutation                1
   Sticks to Snakes                   Transmutation                2
   *Spider Form                       Transmutation/Poison         3
   Ice Form                           Ice/Transmutation            4
   Blade Hands                        Transmutation                5


   Skills:
 + Level 1.2 Fighting
 * Level 3.7 Dodging
 * Level 4.0 Unarmed Combat
 + Level 2.2 Spellcasting
 * Level 3.0 Transmutations


You had 2 spell levels left.
You knew the following spells:

 Your Spells              Type           Power        Failure   Level  Hunger
a - Beastly Appendage     Trmt           #.....       10%         1    ##.....
b - Spider Form           Trmt/Pois      #.........   43%         3    ####...


Dungeon Overview and Level Annotations

Branches:
Dungeon (2/27)

Altars:

Annotations:
D:2 Sigmund, Terence


Innate Abilities, Weirdness & Mutations

You revert to your normal form in water.*
You are very nimble and swift while swimming.*
You have a pair of horns on your head.*


Message History

You hit it. It hits you.
You hit it but do no damage. Your headbutt misses it. It hits you!
You closely miss it. It barely misses you.
You hit it but do no damage. It hits you.
* * * LOW HITPOINT WARNING * * *
You closely miss it.
Your transformation is almost over.
It completely misses you.
Drink which item? (? for menu, Esc to quit)
You feel better.
It was a potion of curing.
You completely miss it. It hits you.
You hit it but do no damage. It hits you.
* * * LOW HITPOINT WARNING * * *
Drink which item? (? for menu, Esc to quit)
You feel better. It hits you!
* * * LOW HITPOINT WARNING * * *
You closely miss it. It hits you.
* * * LOW HITPOINT WARNING * * *
You closely miss it. You headbutt it. It hits you!
You die...

## #.{ ######.###
>........#
#.........#
#.........########
#.........gg%@...#
#.........######....#
.........# #..
#.######## .. # #
###+##### #.......#
#...<...# ###########


You could see a hobgoblin and a goblin.

Vanquished Creatures
  An adder (D:2)
  2 giant geckos (D:1)
  8 bats
  2 giant cockroaches (D:1)
  7 hobgoblins
  3 giant newts (D:1)
  5 goblins (D:1)
  A kobold (D:1)
  3 rats
32 creatures vanquished.

Notes
Turn   | Place    | Note
--------------------------------------------------------------
     0 | D:1      | Antur, the Merfolk Transmuter, began the quest for the Orb.
     0 | D:1      | Reached XP level 1. HP: 15/15 MP: 1/1
   252 | D:1      | Reached XP level 2. HP: 14/21 MP: 3/3
   443 | D:1      | HP: 1/21 [hobgoblin/orcish club (3)]
   668 | D:1      | Reached XP level 3. HP: 21/26 MP: 4/4
   890 | D:2      | Noticed Terence
   979 | D:1      | Learned a level 3 spell: Spider Form
  1129 | D:2      | Noticed Sigmund
  1162 | D:2      | Reached skill level 4 in Unarmed Combat
  1321 | D:2      | Mangled by Terence

Action                   || total
-------------------------++-------
Melee: Unarmed           ||   132
 Cast: Beastly Appendage ||    11
  Use: Potion            ||     2
